Oilers vs Jets

Created - 28 février 2016 at 20:01

Goals
1 2 3 T
Oilers 2 1 2 5
Jets 0 2 1 3
Shots
1 2 3 T
Oilers 8 6 11 25
Jets 3 12 14 29

1st period

1. Oilers , Paul Stastny 21 (Ilya Kovalchuk, Rob Scuderi) at 0:38
2. Oilers , Danny Richmond 4 (Ilya Kovalchuk) at 13:53 (PP)

Penalties :
Daniel Sedin (Win) for Boarding (Minor) at 7:38, Blair Betts (Win) for Hooking (Minor) at 13:38, Ian White (Edm) for Slashing (Double Minor) at 14:15

2nd period

3. Jets , Derek Roy 31 (Daniel Sedin, Eric Gelinas) at 3:42 (SH)
4. Oilers , Ted Purcell 17 (Danny Richmond, Kurt Sauer) at 14:25
5. Jets , Benoit Pouliot 42 (Derek Roy) at 16:30 (PP)

Penalties :
George Parros (Win) for Hooking (Minor) at 2:58, Tomas Fleischmann (Edm) for Holding Stick (Minor) at 4:04, Anton Volchenkov (Win) for Hooking (Minor) at 8:59, Oleg Saprykin (Edm) for Hooking (Minor) at 11:54, Danny Richmond (Edm) for Slashing (Double Minor) at 16:27

3rd period

6. Oilers , Patrick Kaleta 10 (Peter Regin) at 0:50
7. Jets , Darroll Powe 8 (Derek Roy) at 9:14
8. Oilers , Ilya Kovalchuk 26 (Patrick Kane) at 19:57 (Empty Net)

Penalties :
Ilya Kovalchuk (Edm) for Interference (Minor) at 4:05, Darroll Powe (Win) for Hooking (Minor) at 6:58, Derek Roy (Win) for Roughing (Minor) at 9:41, Jonathan Toews (Edm) for Slashing (Minor) at 16:06

Goalie Stats

Sebastien Caron (Edm), 26 saves from 29 shots - (0,897), W, 1-6-1, 60:00 minutes
Ilya Bryzgalov (Win), 9 saves from 9 shots - (1,000), 18:06 minutes
Kari Lehtonen (Win), 11 saves from 15 shots - (0,733), L, 21-18-4, 40:50 minutes

Players Stats for Oilers

Player Name              G  A  P  +/- PIM S  H  SB GA TA FO     MP     PP MP  PK MP  
------------------------------------------------------------------------------------
Brian Sutherby           0  0  0  -1  0   1  1  1  0  0  3/7    13:46   0:00   6:01 
Danny Richmond           1  1  2   1  4   2  0  2  0  1  0/0    22:25   4:05   4:55 
David Hale               0  0  0  -2  0   0  0  1  1  0  0/0    15:08   0:44   3:07 
Ian White                0  0  0   2  4   1  1  1  0  1  0/0    25:49   5:12   4:32 
Ilya Kovalchuk           1  2  3   1  2   7  0  0  2  0  0/2    18:01   4:35   1:44 
Jonathan Toews           0  0  0   1  2   0  2  1  0  1  6/13   17:47   4:39   1:03 
Kurt Sauer               0  1  1   1  0   1  0  0  0  0  0/0    20:16   4:28   5:52 
Oleg Saprykin            0  0  0   0  2   1  0  0  0  2  0/0    13:03   0:03   5:03 
Patrick Kaleta           1  0  1   1  0   2  0  1  0  0  0/0     7:25   0:03   0:00 
Patrick Kane             0  1  1   1  0   2  2  0  2  0  1/3    16:21   4:39   0:00 
Paul Stastny             1  0  1   1  0   1  2  1  0  0  6/16   15:14   4:35   0:02 
Peter Regin              0  1  1   1  0   1  0  0  0  0  6/13   13:28   0:00   5:58 
Rob Scuderi              0  1  1   2  0   0  2  2  0  0  0/0    22:17   0:00   6:42 
Steve Begin              0  0  0   1  0   1  0  1  1  0  1/1    13:36   0:00   6:14 
Ted Purcell              1  0  1   1  0   1  0  0  0  0  0/0    14:39   4:35   0:00 
Tomas Fleischmann        0  0  0   0  2   1  2  0  0  0  0/1    15:18   4:38   0:03 
Wayne Simmonds           0  0  0  -1  0   2  2  0  1  0  0/0     7:16   0:03   0:00 
Zach Bogosian            0  0  0   0  0   1  0  1  0  1  0/0    14:08   4:05   1:00 

Players Stats for Jets

Player Name              G  A  P  +/- PIM S  H  SB GA TA FO     MP     PP MP  PK MP  
------------------------------------------------------------------------------------
Adam Pardy               0  0  0   1  0   4  2  2  0  1  0/0    24:29   5:54   6:06 
Anton Volchenkov         0  0  0  -3  2   7  2  4  0  2  0/0    26:34   8:12   4:10 
Benoit Pouliot           1  0  1  -1  0   4  3  0  1  1  2/2    21:45   7:33   1:46 
Blair Betts              0  0  0  -1  2   0  2  0  0  0  0/1     7:47   0:00   1:29 
Brendan Bell             0  0  0  -1  0   1  0  0  0  2  0/0    23:39   4:48   4:58 
Chris Phillips           0  0  0  -1  0   1  0  0  0  1  0/0    18:27   6:50   0:12 
Daniel Sedin             0  1  1   2  2   1  1  0  1  0  0/0    16:19   4:50   1:51 
Darroll Powe             1  0  1   1  2   2  1  1  0  0  8/11   14:04   0:41   4:15 
Derek Roy                1  2  3   1  2   3  1  0  0  0  17/33  22:59   7:33   1:54 
Dustin Brown             0  0  0  -1  0   1  2  0  1  0  1/1    22:49   6:28   4:59 
Eric Fehr                0  0  0  -1  0   2  1  0  1  0  1/1     7:11   0:31   0:00 
Eric Gelinas             0  1  1   0  0   0  0  0  0  0  0/0    17:12   0:24   3:08 
Fredrik Sjostrom         0  0  0  -1  0   1  2  0  0  0  2/2     9:37   0:19   2:20 
George Parros            0  0  0   0  2   0  0  0  0  0  0/0    14:15   5:53   0:00 
Jussi Jokinen            0  0  0  -2  0   0  3  0  1  0  0/0     8:54   0:00   0:00 
Mikko Koivu              0  0  0  -2  0   0  1  0  1  0  2/5    13:48   4:50   0:00 
Niklas Hjalmarsson       0  0  0   0  0   1  0  1  0  0  0/0    10:03   0:00   0:00 
Tomas Kopecky            0  0  0  -2  0   1  3  0  0  0  0/0     9:52   0:34   0:00 

3 Stars

1 - Derek Roy (Win)
2 - Ilya Kovalchuk (Edm)
3 - Paul Stastny (Edm)

Power Play

Oilers - 1 on 6 Attempt(s) - 16,67%
Jets - 1 on 8 Attempt(s) - 12,50%

Penalty Kill

Oilers - 7 on 8 Attempt(s) - 87,50% - Score 0 goal in Penalty Kill
Jets - 5 on 6 Attempt(s) - 83,33% - Score 1 goal in Penalty Kill

Team Stat

Oilers - Hits : 14 - Faceoff Wins : 23 - Blocked Shots : 12 - Penalty Minutes : 16
Jets - Hits : 24 - Faceoff Wins : 33 - Blocked Shots : 8 - Penalty Minutes : 12

Official

Referees : McCreary Bill and Dwyer Gord
Linesman : Greg Devorski and Brian Mach

Game Notes

Ilya Bryzgalov enters game at 0:50 of 3rd period
Ilya Kovalchuk has scored in a empty net!

Finance

Level 1 -- Attendance: 5601 (93,35%) -- Ticket Income 420 075 $
Level 2 -- Attendance: 4964 (99,28%) -- Ticket Income 248 200 $
Level 3 -- Attendance: 2000 (100,00%) -- Ticket Income 50 000 $
Level 4 -- Attendance: 3710 (92,75%) -- Ticket Income 66 780 $
Luxury Box -- Attendance: 1000 (100,00%) -- Ticket Income 160 000 $
Game was played at the MTS Center.
Total Attendance: 17275 (95,97%)
Total Ticket Income: 945 055 $
Other Income: 141 758 $
Total Income: 1 086 813 $

Oilers

5 vs 5 Forward 
   Center                   Left Wing                Right Wing               Time % Phy DF OF 
 1 Jonathan Toews           Tomas Fleischmann        Patrick Kane             38     1   2  2  
 2 Paul Stastny             Ilya Kovalchuk           Ted Purcell              37     1   2  2  
 3 Peter Regin              Steve Begin              Patrick Kaleta           15     1   2  2  
 4 Brian Sutherby           Oleg Saprykin            Wayne Simmonds           10     1   2  2  

5 vs 5 Defense 
   Defense                  Defense                                           Time % Phy DF OF 
 1 Ian White                Rob Scuderi                                       35     1   2  2  
 2 Danny Richmond           David Hale                                        34     1   2  2  
 3 Kurt Sauer               Zach Bogosian                                     26     1   2  2  
 4 Ian White                Kurt Sauer                                        5      1   2  2  

PowerPlay Forward 
   Center                   Left Wing                Right Wing               Time % Phy DF OF 
 1 Jonathan Toews           Tomas Fleischmann        Patrick Kane             50     0   2  3  
 2 Paul Stastny             Ilya Kovalchuk           Ted Purcell              50     0   2  3  

PowerPlay Defense
   Defense                  Defense                                           Time % Phy DF OF 
 1 Ian White                Kurt Sauer                                        50     1   2  2  
 2 Danny Richmond           Zach Bogosian                                     50     1   2  2  

Penalty Kill 4 Players Forward 
   Center                   Wing                     Time % Phy DF OF 
 1 Peter Regin              Steve Begin              50     1   3  1  
 2 Brian Sutherby           Oleg Saprykin            50     1   3  1  

Penalty Kill 4 Players Defense
   Defense                  Defense                  Time % Phy DF OF 
 1 Ian White                Rob Scuderi              50     1   3  1  
 2 Danny Richmond           Kurt Sauer               50     1   3  1  

Penalty Kill - 3 Players Forward 
   Forward                                           Time % Phy DF OF 
 1 Ilya Kovalchuk                                    50     1   4  0  
 2 Jonathan Toews                                    50     1   4  0  

Penalty Kill - 3 Players Defense
   Defense                  Defense                  Time % Phy DF OF 
 1 Ian White                Rob Scuderi              50     1   4  0  
 2 Danny Richmond           Kurt Sauer               50     1   4  0  

4 vs 4 Forward 
   Center                   Wing                     Time % Phy DF OF 
 1 Paul Stastny             Ilya Kovalchuk           50     1   2  2  
 2 Jonathan Toews           Patrick Kane             50     1   2  2  

4 vs 4 Defense
   Defense                  Defense                  Time % Phy DF OF 
 1 Ian White                Rob Scuderi              50     1   2  2  
 2 Danny Richmond           Kurt Sauer               50     1   2  2  

Last Minutes Offensive
   Center                   Left Wing                Right Wing               Defense                  Defense                  
   Jonathan Toews           Ilya Kovalchuk           Patrick Kane             Danny Richmond           Ian White                

Last Minutes Defensive
   Center                   Left Wing                Right Wing               Defense                  Defense                  
   Jonathan Toews           Ilya Kovalchuk           Patrick Kane             Danny Richmond           Ian White                

Goaltenders
Starting : Sebastien Caron          
Backup : Cam Ward                 

Extra Forwards
Normal : Ilya Kovalchuk, Patrick Kane, Jonathan Toews - PP : Wayne Simmonds, Oleg Saprykin - PK : Steve Begin
Extra Defensemen
Normal : Zach Bogosian, Rob Scuderi, Ian White - PP : David Hale - PK : David Hale, Zach Bogosian
Penalty Shots
Patrick Kane, Ilya Kovalchuk, Jonathan Toews, Paul Stastny, Tomas Fleischmann

Jets

5 vs 5 Forward 
   Center                   Left Wing                Right Wing               Time % Phy DF OF 
 1 Derek Roy                Benoit Pouliot           Dustin Brown             38     1   2  2  
 2 Mikko Koivu              Jussi Jokinen            Tomas Kopecky            28     1   2  2  
 3 Darroll Powe             Daniel Sedin             George Parros            24     1   2  2  
 4 Blair Betts              Fredrik Sjostrom         Eric Fehr                10     1   2  2  

5 vs 5 Defense 
   Defense                  Defense                                           Time % Phy DF OF 
 1 Brendan Bell             Anton Volchenkov                                  40     1   3  1  
 2 Chris Phillips           Eric Gelinas                                      30     1   3  1  
 3 Adam Pardy               Niklas Hjalmarsson                                20     1   3  1  
 4 Eric Gelinas             Anton Volchenkov                                  10     1   2  2  

PowerPlay Forward 
   Center                   Left Wing                Right Wing               Time % Phy DF OF 
 1 Derek Roy                Benoit Pouliot           Dustin Brown             60     1   2  2  
 2 Mikko Koivu              Daniel Sedin             George Parros            40     1   2  2  

PowerPlay Defense
   Defense                  Defense                                           Time % Phy DF OF 
 1 Anton Volchenkov         Chris Phillips                                    60     1   2  2  
 2 Adam Pardy               Brendan Bell                                      40     1   2  2  

Penalty Kill 4 Players Forward 
   Center                   Wing                     Time % Phy DF OF 
 1 Darroll Powe             Dustin Brown             60     1   2  2  
 2 Derek Roy                Daniel Sedin             40     1   2  2  

Penalty Kill 4 Players Defense
   Defense                  Defense                  Time % Phy DF OF 
 1 Anton Volchenkov         Adam Pardy               60     1   2  2  
 2 Eric Gelinas             Brendan Bell             40     1   2  2  

Penalty Kill - 3 Players Forward 
   Forward                                           Time % Phy DF OF 
 1 Darroll Powe                                      60     1   2  2  
 2 Daniel Sedin                                      40     1   2  2  

Penalty Kill - 3 Players Defense
   Defense                  Defense                  Time % Phy DF OF 
 1 Anton Volchenkov         Adam Pardy               60     1   2  2  
 2 Eric Gelinas             Brendan Bell             40     1   2  2  

4 vs 4 Forward 
   Center                   Wing                     Time % Phy DF OF 
 1 Derek Roy                Benoit Pouliot           60     1   2  2  
 2 Mikko Koivu              Dustin Brown             40     1   2  2  

4 vs 4 Defense
   Defense                  Defense                  Time % Phy DF OF 
 1 Adam Pardy               Anton Volchenkov         60     1   2  2  
 2 Chris Phillips           Brendan Bell             40     1   2  2  

Last Minutes Offensive
   Center                   Left Wing                Right Wing               Defense                  Defense                  
   Derek Roy                Benoit Pouliot           Dustin Brown             Brendan Bell             Anton Volchenkov         

Last Minutes Defensive
   Center                   Left Wing                Right Wing               Defense                  Defense                  
   Derek Roy                Daniel Sedin             Dustin Brown             Adam Pardy               Anton Volchenkov         

Goaltenders
Starting : Kari Lehtonen            
Backup : Ilya Bryzgalov           

Extra Forwards
Normal : Tomas Kopecky, Darroll Powe, Fredrik Sjostrom - PP : Tomas Kopecky, Darroll Powe - PK : Fredrik Sjostrom
Extra Defensemen
Normal : Adam Pardy, Chris Phillips, Anton Volchenkov - PP : Adam Pardy - PK : Adam Pardy, Anton Volchenkov
Penalty Shots
Benoit Pouliot, Daniel Sedin, Derek Roy, Jussi Jokinen, Dustin Brown

% Time on Ice - Oilers

Lines # - Real PCT - Wanted PCT - Time Play
Normal Forward
1 - 30% - 38% - 10:41
2 - 30% - 37% - 10:37
3 - 21% - 15% - 7:22
4 - 20% - 10% - 7:13
Normal Defense
1 - 39% - 35% - 14:10
2 - 36% - 34% - 12:50
3 - 23% - 26% - 8:16
4 - 2% - 5% - 0:37
PP Forward
1 - 50% - 50% - 4:39
2 - 50% - 50% - 4:38
PP Defense
1 - 56% - 50% - 5:12
2 - 44% - 50% - 4:05
PK Forward
1 - 48% - 50% - 6:18
2 - 52% - 50% - 6:46
PK Defense
1 - 52% - 50% - 6:49
2 - 48% - 50% - 6:15
PK3 Forward
1 - 0% - 50%
2 - 0% - 50%
PK3 Defense
1 - 0% - 50%
2 - 0% - 50%
44 Forward
1 - 62% - 50% - 0:33
2 - 38% - 50% - 0:20
44 Defense
1 - 62% - 50% - 0:33
2 - 38% - 50% - 0:20
Last Minute Offensive  - 0:00
Last Minute Defensive  - 0:53
Total
Forward - 60:00
Defense - 60:00

% Time on Ice - Jets

Lines # - Real PCT - Wanted PCT - Time Play
Normal Forward
1 - 31% - 38% - 11:00
2 - 28% - 28% - 9:51
3 - 24% - 24% - 8:28
4 - 18% - 10% - 6:16
Normal Defense
1 - 32% - 40% - 11:19
2 - 37% - 30% - 13:09
3 - 26% - 20% - 9:22
4 - 5% - 10% - 1:45
PP Forward
1 - 63% - 60% - 8:11
2 - 37% - 40% - 4:53
PP Defense
1 - 63% - 60% - 8:16
2 - 37% - 40% - 4:48
PK Forward
1 - 73% - 60% - 6:49
2 - 27% - 40% - 2:28
PK Defense
1 - 66% - 60% - 6:09
2 - 34% - 40% - 3:08
PK3 Forward
1 - 0% - 60%
2 - 0% - 40%
PK3 Defense
1 - 0% - 60%
2 - 0% - 40%
44 Forward
1 - 100% - 60% - 0:53
2 - 0% - 40% - 0:00
44 Defense
1 - 100% - 60% - 0:53
2 - 0% - 40% - 0:00
Last Minute Offensive  - 1:11
Last Minute Defensive  - 0:00
Total
Forward - 60:00
Defense - 60:00

Play by Play

1st period


0:01 of 1st period - Jonathan Toews wins face-off versus Derek Roy in neutral zone.
0:38 of 1st period - Wrist shot by Paul Stastny.
0:38 of 1st period - Goal by Paul Stastny - Oilers : 1 - Jets : 0.
0:39 of 1st period - Darroll Powe wins face-off versus Peter Regin in neutral zone.
1:25 of 1st period - Slapshot by Mikko Koivu.
1:25 of 1st period - Shot Blocked by David Hale.
1:47 of 1st period - Wrist shot by Benoit Pouliot.
1:47 of 1st period - Stopped by Sebastien Caron with a rebound.
1:49 of 1st period - Wrist shot by Brendan Bell.
1:49 of 1st period - Stopped by Sebastien Caron with a rebound.
1:57 of 1st period - David Hale is hit by Dustin Brown and loses puck.
2:32 of 1st period - Wrist shot by Tomas Kopecky.
2:32 of 1st period - Shot Misses the Net.
2:34 of 1st period - Slapshot by Adam Pardy.
2:34 of 1st period - Stopped by Sebastien Caron without a rebound.
2:35 of 1st period - Brian Sutherby wins face-off versus Mikko Koivu in Oilers zone.
3:13 of 1st period - Snap shot by Dustin Brown.
3:13 of 1st period - Shot Misses the Net.
4:38 of 1st period - Wrist shot by Derek Roy.
4:38 of 1st period - Deflect By Dustin Brown.
4:38 of 1st period - Shot Misses the Net.
4:38 of 1st period - Puck is out of play.
4:39 of 1st period - Derek Roy wins face-off versus Jonathan Toews in Oilers zone.
4:54 of 1st period - Eric Gelinas is hit by Tomas Fleischmann and loses puck.
7:00 of 1st period - Wrist shot by Brian Sutherby.
7:00 of 1st period - Stopped by Kari Lehtonen without a rebound.
7:01 of 1st period - Eric Fehr wins face-off versus Brian Sutherby in Jets zone.
7:38 of 1st period - Minor Penalty to Daniel Sedin for Boarding.
7:39 of 1st period - Darroll Powe wins face-off versus Jonathan Toews in Jets zone.
8:05 of 1st period - Ian White is hit by Adam Pardy.
9:38 of 1st period - Penalty to Daniel Sedin is over, Daniel Sedin is back on ice.
9:47 of 1st period - Snap shot by Daniel Sedin.
9:47 of 1st period - Shot Blocked by Patrick Kaleta.
10:15 of 1st period - Rob Scuderi is hit by Tomas Kopecky and loses puck.
12:10 of 1st period - Snap shot by Oleg Saprykin.
12:10 of 1st period - Stopped by Kari Lehtonen without a rebound.
12:11 of 1st period - Brian Sutherby wins face-off versus Mikko Koivu in Jets zone.
12:14 of 1st period - Wrist shot by Wayne Simmonds.
12:14 of 1st period - Stopped by Kari Lehtonen without a rebound.
12:15 of 1st period - Mikko Koivu wins face-off versus Brian Sutherby in Jets zone.
12:20 of 1st period - Wayne Simmonds is hit by Tomas Kopecky.
12:38 of 1st period - Wrist shot by Wayne Simmonds.
12:38 of 1st period - Shot Blocked by Anton Volchenkov.
12:52 of 1st period - Snap shot by Wayne Simmonds.
12:52 of 1st period - Stopped by Kari Lehtonen without a rebound.
12:53 of 1st period - Paul Stastny wins face-off versus Derek Roy in Jets zone.
12:58 of 1st period - Snap shot by Ilya Kovalchuk.
12:58 of 1st period - Stopped by Kari Lehtonen with a rebound.
13:00 of 1st period - Slapshot by Paul Stastny.
13:00 of 1st period - Shot Misses the Net.
13:28 of 1st period - Patrick Kane is hit by Darroll Powe and loses puck.
13:38 of 1st period - Minor Penalty to Blair Betts for Hooking.
13:39 of 1st period - Darroll Powe wins face-off versus Ilya Kovalchuk in Jets zone.
13:53 of 1st period - Slapshot by Danny Richmond.
13:53 of 1st period - Goal by Danny Richmond - Oilers : 2 - Jets : 0.
13:54 of 1st period - Derek Roy wins face-off versus Paul Stastny in neutral zone.
14:15 of 1st period - Double Minor Penalty to Ian White for Slashing.
14:16 of 1st period - Peter Regin wins face-off versus Derek Roy in Oilers zone.
15:05 of 1st period - Slapshot by Brian Sutherby.
15:05 of 1st period - Shot Misses the Net.
15:54 of 1st period - Icing by Anton Volchenkov.
15:55 of 1st period - Derek Roy wins face-off versus Peter Regin in Jets zone.
16:06 of 1st period - Slapshot by Danny Richmond.
16:06 of 1st period - Stopped by Kari Lehtonen with a rebound.
16:33 of 1st period - Kurt Sauer is hit by Benoit Pouliot and loses puck.
17:28 of 1st period - Zach Bogosian is hit by Adam Pardy and loses puck.
18:15 of 1st period - Penalty to Ian White is over, Ian White is back on ice.
18:40 of 1st period - Ted Purcell is hit by Jussi Jokinen and loses puck.
19:15 of 1st period - Chris Phillips is hit by Brian Sutherby.
19:19 of 1st period - Eric Gelinas is hit by Wayne Simmonds and loses puck.
19:40 of 1st period - Adam Pardy is hit by Jonathan Toews and loses puck.
Goals for this period are 2 for Oilers vs 0 for Jets.
Shots for this period are 8 for Oilers vs 3 for Jets.

2nd period


0:01 of 2nd period - Derek Roy wins face-off versus Paul Stastny in neutral zone.
0:04 of 2nd period - Snap shot by Derek Roy.
0:04 of 2nd period - Deflect By Benoit Pouliot.
0:04 of 2nd period - Shot Blocked by Paul Stastny.
0:04 of 2nd period - Puck is out of play.
0:05 of 2nd period - Derek Roy wins face-off versus Paul Stastny in Oilers zone.
0:38 of 2nd period - Snap shot by Darroll Powe.
0:38 of 2nd period - Shot Blocked by Rob Scuderi.
0:40 of 2nd period - Wrist shot by Daniel Sedin.
0:40 of 2nd period - Stopped by Sebastien Caron without a rebound.
0:41 of 2nd period - Mikko Koivu wins face-off versus Jonathan Toews in Oilers zone.
1:08 of 2nd period - Dustin Brown is hit by Paul Stastny and loses puck.
1:35 of 2nd period - Snap shot by Peter Regin.
1:35 of 2nd period - Shot Blocked by Darroll Powe.
1:53 of 2nd period - Snap shot by Oleg Saprykin.
1:53 of 2nd period - Shot Blocked by Adam Pardy.
1:59 of 2nd period - Slapshot by Blair Betts.
1:59 of 2nd period - Shot Hit the Post.
2:41 of 2nd period - Wrist shot by Derek Roy.
2:41 of 2nd period - Stopped by Sebastien Caron with a rebound.
2:58 of 2nd period - Minor Penalty to George Parros for Hooking.
2:59 of 2nd period - Darroll Powe wins face-off versus Jonathan Toews in Jets zone.
3:42 of 2nd period - Snap shot by Derek Roy.
3:42 of 2nd period - Goal by Derek Roy - Oilers : 2 - Jets : 1.
3:43 of 2nd period - Patrick Kane wins face-off versus Darroll Powe in neutral zone.
4:04 of 2nd period - Minor Penalty to Tomas Fleischmann for Holding Stick.
4:05 of 2nd period - Paul Stastny wins face-off versus Derek Roy in Oilers zone.
4:18 of 2nd period - Snap shot by Ilya Kovalchuk.
4:18 of 2nd period - Deflect By Paul Stastny.
4:18 of 2nd period - Shot Blocked by Anton Volchenkov.
4:18 of 2nd period - Puck is out of play.
4:19 of 2nd period - Derek Roy wins face-off versus Jonathan Toews in Jets zone.
4:26 of 2nd period - Slapshot by Anton Volchenkov.
4:26 of 2nd period - Stopped by Sebastien Caron without a rebound.
4:27 of 2nd period - Derek Roy wins face-off versus Jonathan Toews in Oilers zone.
4:38 of 2nd period - Snap shot by Derek Roy.
4:38 of 2nd period - Stopped by Sebastien Caron without a rebound.
4:39 of 2nd period - Derek Roy wins face-off versus Paul Stastny in Oilers zone.
4:54 of 2nd period - Slapshot by Benoit Pouliot.
4:54 of 2nd period - Shot Misses the Net.
4:58 of 2nd period - Penalty to George Parros is over, George Parros is back on ice.
5:06 of 2nd period - Peter Regin is hit by Anton Volchenkov and loses puck.
6:03 of 2nd period - Snap shot by George Parros.
6:03 of 2nd period - Shot Blocked by Brian Sutherby.
6:04 of 2nd period - Penalty to Tomas Fleischmann is over, Tomas Fleischmann is back on ice.
6:05 of 2nd period - Slapshot by Anton Volchenkov.
6:05 of 2nd period - Stopped by Sebastien Caron with a rebound.
6:07 of 2nd period - Wrist shot by Benoit Pouliot.
6:07 of 2nd period - Shot Misses the Net.
6:09 of 2nd period - Wrist shot by Derek Roy.
6:09 of 2nd period - Shot Misses the Net.
6:11 of 2nd period - Snap shot by Benoit Pouliot.
6:11 of 2nd period - Deflect By Danny Richmond.
6:11 of 2nd period - Shot Misses the Net.
6:11 of 2nd period - Puck is out of play.
6:12 of 2nd period - Jonathan Toews wins face-off versus Mikko Koivu in Oilers zone.
7:59 of 2nd period - Wrist shot by Peter Regin.
7:59 of 2nd period - Stopped by Kari Lehtonen with a rebound.
8:01 of 2nd period - Wrist shot by Peter Regin.
8:01 of 2nd period - Shot Misses the Net.
8:03 of 2nd period - Slapshot by Zach Bogosian.
8:03 of 2nd period - Shot Misses the Net.
8:14 of 2nd period - Icing by Fredrik Sjostrom.
8:15 of 2nd period - Paul Stastny wins face-off versus Blair Betts in Jets zone.
8:40 of 2nd period - Slapshot by Chris Phillips.
8:40 of 2nd period - Stopped by Sebastien Caron without a rebound.
8:41 of 2nd period - Derek Roy wins face-off versus Patrick Kane in Oilers zone.
8:42 of 2nd period - Snap shot by Benoit Pouliot.
8:42 of 2nd period - Deflect By Jonathan Toews.
8:42 of 2nd period - Shot Blocked by Danny Richmond.
8:42 of 2nd period - Puck is out of play.
8:43 of 2nd period - Derek Roy wins face-off versus Tomas Fleischmann in Oilers zone.
8:59 of 2nd period - Minor Penalty to Anton Volchenkov for Hooking.
9:00 of 2nd period - Dustin Brown wins face-off versus Paul Stastny in Jets zone.
9:00 of 2nd period - Dustin Brown is hit by Paul Stastny.
9:15 of 2nd period - Wrist shot by Ilya Kovalchuk.
9:15 of 2nd period - Shot Blocked by Adam Pardy.
9:29 of 2nd period - Slapshot by Zach Bogosian.
9:29 of 2nd period - Deflect By Adam Pardy.
9:29 of 2nd period - Stopped by Kari Lehtonen without a rebound.
9:30 of 2nd period - Jonathan Toews wins face-off versus Derek Roy in Jets zone.
9:41 of 2nd period - Patrick Kane is hit by Dustin Brown and loses puck.
10:59 of 2nd period - Penalty to Anton Volchenkov is over, Anton Volchenkov is back on ice.
11:04 of 2nd period - Slapshot by Peter Regin.
11:04 of 2nd period - Shot Misses the Net.
11:39 of 2nd period - Wayne Simmonds is hit by Jussi Jokinen and loses puck.
11:54 of 2nd period - Minor Penalty to Oleg Saprykin for Hooking.
11:55 of 2nd period - Benoit Pouliot wins face-off versus Peter Regin in Oilers zone.
11:56 of 2nd period - Slapshot by Derek Roy.
11:56 of 2nd period - Shot Misses the Net.
11:58 of 2nd period - Wrist shot by Derek Roy.
11:58 of 2nd period - Shot Misses the Net.
12:00 of 2nd period - Snap shot by Dustin Brown.
12:00 of 2nd period - Stopped by Sebastien Caron with a rebound.
12:02 of 2nd period - Backhand shot by Benoit Pouliot.
12:02 of 2nd period - Stopped by Sebastien Caron with a rebound.
12:04 of 2nd period - Snap shot by Benoit Pouliot.
12:04 of 2nd period - Shot Misses the Net.
12:06 of 2nd period - Snap shot by Anton Volchenkov.
12:06 of 2nd period - Stopped by Sebastien Caron without a rebound.
12:07 of 2nd period - Brian Sutherby wins face-off versus Derek Roy in Oilers zone.
13:20 of 2nd period - Mikko Koivu is hit by Jonathan Toews and loses puck.
13:54 of 2nd period - Penalty to Oleg Saprykin is over, Oleg Saprykin is back on ice.
14:13 of 2nd period - Snap shot by Fredrik Sjostrom.
14:13 of 2nd period - Stopped by Sebastien Caron with a rebound.
14:15 of 2nd period - Snap shot by Blair Betts.
14:15 of 2nd period - Shot Misses the Net.
14:25 of 2nd period - Snap shot by Danny Richmond.
14:25 of 2nd period - Deflect By Ted Purcell.
14:25 of 2nd period - Goal by Ted Purcell - Oilers : 3 - Jets : 1.
14:26 of 2nd period - Jonathan Toews wins face-off versus Darroll Powe in neutral zone.
14:29 of 2nd period - Wrist shot by Tomas Fleischmann.
14:29 of 2nd period - Stopped by Kari Lehtonen with a rebound.
14:39 of 2nd period - Slapshot by Daniel Sedin.
14:39 of 2nd period - Shot Misses the Net.
14:41 of 2nd period - Slapshot by Anton Volchenkov.
14:41 of 2nd period - Shot Misses the Net.
14:51 of 2nd period - Benoit Pouliot is hit by Rob Scuderi and loses puck.
15:14 of 2nd period - Snap shot by Eric Fehr.
15:14 of 2nd period - Shot Misses the Net.
15:16 of 2nd period - Snap shot by Fredrik Sjostrom.
15:16 of 2nd period - Shot Blocked by Steve Begin.
15:26 of 2nd period - Rob Scuderi is hit by Fredrik Sjostrom and loses puck.
15:42 of 2nd period - Ian White is hit by Tomas Kopecky and loses puck.
16:23 of 2nd period - Wrist shot by Dustin Brown.
16:23 of 2nd period - Deflect By Ted Purcell.
16:23 of 2nd period - Shot Misses the Net.
16:23 of 2nd period - Puck is out of play.
16:24 of 2nd period - Paul Stastny wins face-off versus Derek Roy in Oilers zone.
16:24 of 2nd period - Paul Stastny is hit by Derek Roy.
16:27 of 2nd period - Double Minor Penalty to Danny Richmond for Slashing.
16:28 of 2nd period - Derek Roy wins face-off versus Peter Regin in Oilers zone.
16:30 of 2nd period - Snap shot by Benoit Pouliot.
16:30 of 2nd period - Goal by Benoit Pouliot - Oilers : 3 - Jets : 2.
16:31 of 2nd period - Peter Regin wins face-off versus Derek Roy in neutral zone.
16:34 of 2nd period - Slapshot by Kurt Sauer.
16:34 of 2nd period - Deflect By Benoit Pouliot.
16:34 of 2nd period - Stopped by Kari Lehtonen with a rebound.
16:36 of 2nd period - Slapshot by Kurt Sauer.
16:36 of 2nd period - Shot Misses the Net.
16:38 of 2nd period - Snap shot by Steve Begin.
16:38 of 2nd period - Shot Misses the Net.
16:40 of 2nd period - Snap shot by David Hale.
16:40 of 2nd period - Shot Blocked by Anton Volchenkov.
16:42 of 2nd period - Slapshot by Steve Begin.
16:42 of 2nd period - Stopped by Kari Lehtonen with a rebound.
16:44 of 2nd period - Wrist shot by Peter Regin.
16:44 of 2nd period - Shot Misses the Net.
17:07 of 2nd period - Kurt Sauer is hit by Mikko Koivu.
17:49 of 2nd period - Anton Volchenkov is hit by Rob Scuderi and loses puck.
18:30 of 2nd period - Penalty to Danny Richmond is over, Danny Richmond is back on ice.
18:43 of 2nd period - Ilya Kovalchuk is hit by Eric Fehr and loses puck.
18:58 of 2nd period - Jonathan Toews is hit by Blair Betts and loses puck.
Goals for this period are 1 for Oilers vs 2 for Jets.
Shots for this period are 6 for Oilers vs 12 for Jets.

3rd period


0:01 of 3rd period - Derek Roy wins face-off versus Paul Stastny in neutral zone.
0:50 of 3rd period - Snap shot by Patrick Kaleta.
0:50 of 3rd period - Goal by Patrick Kaleta - Oilers : 4 - Jets : 2.
0:50 of 3rd period - Ilya Bryzgalov enters game.
0:51 of 3rd period - Derek Roy wins face-off versus Paul Stastny in neutral zone.
1:00 of 3rd period - Ilya Kovalchuk is hit by Benoit Pouliot and loses puck.
1:23 of 3rd period - Snap shot by Patrick Kaleta.
1:23 of 3rd period - Stopped by Ilya Bryzgalov without a rebound.
1:24 of 3rd period - Darroll Powe wins face-off versus Peter Regin in Jets zone.
1:44 of 3rd period - Snap shot by Darroll Powe.
1:44 of 3rd period - Shot Misses the Net.
1:54 of 3rd period - Wrist shot by Daniel Sedin.
1:54 of 3rd period - Shot Misses the Net.
1:56 of 3rd period - Slapshot by Anton Volchenkov.
1:56 of 3rd period - Deflect By Danny Richmond.
1:56 of 3rd period - Stopped by Sebastien Caron without a rebound.
1:57 of 3rd period - Benoit Pouliot wins face-off versus Jonathan Toews in Oilers zone.
2:02 of 3rd period - Wrist shot by Derek Roy.
2:02 of 3rd period - Shot Blocked by Jonathan Toews.
2:14 of 3rd period - Wrist shot by Patrick Kane.
2:14 of 3rd period - Shot Blocked by Anton Volchenkov.
2:26 of 3rd period - Wrist shot by Jussi Jokinen.
2:26 of 3rd period - Shot Misses the Net.
2:32 of 3rd period - Snap shot by Tomas Kopecky.
2:32 of 3rd period - Stopped by Sebastien Caron with a rebound.
2:48 of 3rd period - Fredrik Sjostrom is hit by Wayne Simmonds and loses puck.
3:19 of 3rd period - Slapshot by Darroll Powe.
3:19 of 3rd period - Stopped by Sebastien Caron without a rebound.
3:20 of 3rd period - Jonathan Toews wins face-off versus Derek Roy in Oilers zone.
3:25 of 3rd period - Benoit Pouliot is hit by Patrick Kane and loses puck.
3:37 of 3rd period - Slapshot by Anton Volchenkov.
3:37 of 3rd period - Stopped by Sebastien Caron with a rebound.
3:57 of 3rd period - Slapshot by Zach Bogosian.
3:57 of 3rd period - Shot Misses the Net.
4:05 of 3rd period - Minor Penalty to Ilya Kovalchuk for Interference.
4:06 of 3rd period - Peter Regin wins face-off versus Derek Roy in Oilers zone.
5:13 of 3rd period - Off-side.
5:14 of 3rd period - Derek Roy wins face-off versus Brian Sutherby in neutral zone.
6:05 of 3rd period - Penalty to Ilya Kovalchuk is over, Ilya Kovalchuk is back on ice.
6:25 of 3rd period - Slapshot by Adam Pardy.
6:25 of 3rd period - Shot Blocked by Rob Scuderi.
6:58 of 3rd period - Minor Penalty to Darroll Powe for Hooking.
6:59 of 3rd period - Fredrik Sjostrom wins face-off versus Paul Stastny in Jets zone.
8:05 of 3rd period - Anton Volchenkov is hit by Patrick Kane and loses puck.
8:58 of 3rd period - Penalty to Darroll Powe is over, Darroll Powe is back on ice.
9:12 of 3rd period - Snap shot by Derek Roy.
9:12 of 3rd period - Shot Misses the Net.
9:14 of 3rd period - Backhand shot by Darroll Powe.
9:14 of 3rd period - Goal by Darroll Powe - Oilers : 4 - Jets : 3.
9:15 of 3rd period - Paul Stastny wins face-off versus Derek Roy in neutral zone.
9:20 of 3rd period - Wrist shot by Paul Stastny.
9:20 of 3rd period - Deflect By Ilya Kovalchuk.
9:20 of 3rd period - Stopped by Ilya Bryzgalov with a rebound.
9:22 of 3rd period - Snap shot by Ilya Kovalchuk.
9:22 of 3rd period - Stopped by Ilya Bryzgalov with a rebound.
9:24 of 3rd period - Backhand shot by Ilya Kovalchuk.
9:24 of 3rd period - Stopped by Ilya Bryzgalov without a rebound.
9:25 of 3rd period - Paul Stastny wins face-off versus Derek Roy in Jets zone.
9:26 of 3rd period - Snap shot by Ilya Kovalchuk.
9:26 of 3rd period - Stopped by Ilya Bryzgalov with a rebound.
9:28 of 3rd period - Wrist shot by Ilya Kovalchuk.
9:28 of 3rd period - Stopped by Ilya Bryzgalov without a rebound.
9:29 of 3rd period - Jonathan Toews wins face-off versus Derek Roy in Jets zone.
9:30 of 3rd period - Snap shot by Patrick Kane.
9:30 of 3rd period - Stopped by Ilya Bryzgalov with a rebound.
9:41 of 3rd period - Minor Penalty to Derek Roy for Roughing.
9:42 of 3rd period - Darroll Powe wins face-off versus Paul Stastny in Jets zone.
11:41 of 3rd period - Penalty to Derek Roy is over, Derek Roy is back on ice.
12:00 of 3rd period - Jussi Jokinen is hit by Ian White and loses puck.
12:15 of 3rd period - David Hale is hit by Fredrik Sjostrom.
12:37 of 3rd period - Rob Scuderi is hit by Daniel Sedin and loses puck.
13:35 of 3rd period - Danny Richmond is hit by Blair Betts and loses puck.
13:48 of 3rd period - Patrick Kane is hit by Jussi Jokinen and loses puck.
14:37 of 3rd period - Snap shot by Eric Fehr.
14:37 of 3rd period - Stopped by Sebastien Caron with a rebound.
14:39 of 3rd period - Slapshot by Eric Fehr.
14:39 of 3rd period - Stopped by Sebastien Caron without a rebound.
14:40 of 3rd period - Fredrik Sjostrom wins face-off versus Paul Stastny in Oilers zone.
14:47 of 3rd period - Snap shot by Fredrik Sjostrom.
14:47 of 3rd period - Shot Misses the Net.
14:49 of 3rd period - Snap shot by Anton Volchenkov.
14:49 of 3rd period - Stopped by Sebastien Caron with a rebound.
14:51 of 3rd period - Slapshot by Brendan Bell.
14:51 of 3rd period - Shot Blocked by Zach Bogosian.
14:53 of 3rd period - Slapshot by Anton Volchenkov.
14:53 of 3rd period - Stopped by Sebastien Caron with a rebound.
15:24 of 3rd period - Snap shot by Jonathan Toews.
15:24 of 3rd period - Shot Misses the Net.
15:26 of 3rd period - Wrist shot by Tomas Fleischmann.
15:26 of 3rd period - Shot Misses the Net.
15:28 of 3rd period - Slapshot by Ian White.
15:28 of 3rd period - Shot Blocked by Niklas Hjalmarsson.
15:32 of 3rd period - Backhand shot by Patrick Kane.
15:32 of 3rd period - Stopped by Ilya Bryzgalov with a rebound.
15:34 of 3rd period - Slapshot by Ian White.
15:34 of 3rd period - Stopped by Ilya Bryzgalov with a rebound.
15:58 of 3rd period - Snap shot by Benoit Pouliot.
15:58 of 3rd period - Deflect By Ilya Kovalchuk.
15:58 of 3rd period - Shot Misses the Net.
15:58 of 3rd period - Puck is out of play.
15:59 of 3rd period - Darroll Powe wins face-off versus Patrick Kane in Oilers zone.
16:04 of 3rd period - Wrist shot by George Parros.
16:04 of 3rd period - Shot Misses the Net.
16:06 of 3rd period - Minor Penalty to Jonathan Toews for Slashing.
16:07 of 3rd period - Peter Regin wins face-off versus Derek Roy in Oilers zone.
16:59 of 3rd period - Icing by Dustin Brown.
17:00 of 3rd period - Derek Roy wins face-off versus Brian Sutherby in Jets zone.
17:19 of 3rd period - Slapshot by Adam Pardy.
17:19 of 3rd period - Deflect By Peter Regin.
17:19 of 3rd period - Stopped by Sebastien Caron without a rebound.
17:20 of 3rd period - Peter Regin wins face-off versus Derek Roy in Oilers zone.
17:29 of 3rd period - Brian Sutherby is hit by Anton Volchenkov and loses puck.
17:45 of 3rd period - Snap shot by George Parros.
17:45 of 3rd period - Shot Blocked by Ian White.
17:47 of 3rd period - Slapshot by Adam Pardy.
17:47 of 3rd period - Stopped by Sebastien Caron without a rebound.
17:48 of 3rd period - Derek Roy wins face-off versus Peter Regin in Oilers zone.
17:55 of 3rd period - Snap shot by Benoit Pouliot.
17:55 of 3rd period - Stopped by Sebastien Caron without a rebound.
17:56 of 3rd period - Steve Begin wins face-off versus Derek Roy in Oilers zone.
17:56 of 3rd period - Steve Begin is hit by Benoit Pouliot.
18:06 of 3rd period - Penalty to Jonathan Toews is over, Jonathan Toews is back on ice.
18:16 of 3rd period - Snap shot by Derek Roy.
18:16 of 3rd period - Shot Misses the Net.
18:18 of 3rd period - Slapshot by Derek Roy.
18:18 of 3rd period - Shot Misses the Net.
18:20 of 3rd period - Slapshot by Adam Pardy.
18:20 of 3rd period - Stopped by Sebastien Caron with a rebound.
18:22 of 3rd period - Slapshot by Niklas Hjalmarsson.
18:22 of 3rd period - Shot Misses the Net.
18:24 of 3rd period - Slapshot by Niklas Hjalmarsson.
18:24 of 3rd period - Stopped by Sebastien Caron without a rebound.
18:25 of 3rd period - Darroll Powe wins face-off versus Peter Regin in Oilers zone.
18:53 of 3rd period - Jets, Ilya Bryzgalov is pulled from the net.
18:59 of 3rd period - Benoit Pouliot is hit by Tomas Fleischmann.
19:27 of 3rd period - Slapshot by Benoit Pouliot.
19:27 of 3rd period - Deflect By Derek Roy.
19:27 of 3rd period - Shot Blocked by Danny Richmond.
19:27 of 3rd period - Puck is out of play.
19:28 of 3rd period - Marc Crawford call a timeout for Jets.
19:28 of 3rd period - Derek Roy wins face-off versus Ilya Kovalchuk in Oilers zone.
19:57 of 3rd period - Slapshot by Ilya Kovalchuk.
19:57 of 3rd period - Goal by Ilya Kovalchuk - Oilers : 5 - Jets : 3.
19:57 of 3rd period - Ilya Bryzgalov from Jets was sent back in the game.
19:58 of 3rd period - Peter Regin wins face-off versus Darroll Powe in neutral zone.
Goals for this period are 2 for Oilers vs 1 for Jets.
Shots for this period are 11 for Oilers vs 14 for Jets.